Map: Oblivion Express

Players

FroGGe

  • Race: Protoss Protoss
  • Spawn Location: 0:00

larsgj

  • Race: Terran Terran
  • Spawn Location: 12:00

VOD

Have the link to the VOD?

Description

Time

  • Played on: May 9, 2020, 2:43 p.m.
  • Length: 26:10
Show
View Real Time Build Order
Export as new Build Order

FroGGe Protoss 

Build Orders:  

Get SALT Encoding   

  12  0:04  Probe (Chrono Boost)  
  13  0:32  Probe (Chrono Boost)  
  14  0:45  Probe (Chrono Boost)  
  15  1:17  Pylon  
  15  1:25  Pylon  
  15  1:42  Probe (Chrono Boost)  
  15  1:45  Gateway  
  16  1:55  Probe (Chrono Boost), Assimilator  
  17  2:09  Probe (Chrono Boost)  
  17  2:19  Forge  
  18  2:23  Probe (Chrono Boost)  
  19  2:36  Pylon  
  19  2:37  Probe (Chrono Boost)  
  20  2:45  Pylon  
  20  2:51  Probe (Chrono Boost)  
  21  3:05  Zealot  
  23  3:31  Gateway  
  23  3:34  Gateway  
  23  3:47  Probe (Chrono Boost)  
  24  3:53  Zealot  
  26  4:01  Probe (Chrono Boost)  
  27  4:12  Assimilator  
  27  4:17  Probe (Chrono Boost)  
  28  4:24  Zealot  
  30  4:34  Probe (Chrono Boost)  
  31  4:51  Cybernetics Core  
  31  4:55  Pylon  
  31  5:03  Photon Cannon  
  31  5:06  Photon Cannon  
  31  5:45  Pylon  
  31  5:49  Pylon  
  31  6:24  Photon Cannon  
  31  6:29  Photon Cannon  
  31  6:32  Zealot x3, Photon Cannon  
  31  6:37  Protoss Air Armor Level 1  
  37  6:40  Protoss Ground Armor Level 1  
  37  6:55  Probe (Chrono Boost)  
  39  7:12  Probe (Chrono Boost)  
  39  7:23  Stargate  
  39  7:58  Zealot  
  41  8:01  Zealot x2  
  45  9:17  Protoss Air Weapons Level 1  
  45  9:20  Protoss Ground Weapons Level 1  
  47  10:22  Nexus  
  45  11:24  Dragoon x3  
  51  12:11  Robotics Facility  
  51  12:53  Dragoon  
  51  12:54  Dragoon x2  
  57  13:31  Probe (Chrono Boost)  
  58  13:45  Probe (Chrono Boost)  
  59  13:59  Probe (Chrono Boost)  
  59  14:01  Immortal  
  64  14:13  Probe (Chrono Boost)  
  65  14:26  Dragoon x3  
  65  14:27  Probe (Chrono Boost)  
  72  14:56  Immortal  
  47  15:51  Immortal  
  48  17:03  Dragoon  
  48  17:04  Dragoon x2  
  41  17:38  Probe (Chrono Boost)  
  42  17:52  Probe (Chrono Boost)  
  42  17:53  Pylon  
  43  18:06  Probe (Chrono Boost)  
  44  18:15  Assimilator  
  44  18:20  Probe (Chrono Boost)  
  44  18:22  Assimilator  
  44  18:29  Dragoon  
  47  18:30  Dragoon x2  
  47  18:34  Probe (Chrono Boost)  
  33  19:36  Dragoon x3  
  33  20:01  Pylon  
  33  20:06  Pylon  
  33  20:09  Photon Cannon  
  33  20:12  Photon Cannon  
  33  20:16  Photon Cannon  
  33  20:17  Photon Cannon  
  33  20:21  Photon Cannon  
  33  20:24  Protoss Shields Level 1  
  33  20:25  Photon Cannon  
  33  20:29  Photon Cannon  
  33  20:32  Photon Cannon  
  33  20:34  Photon Cannon  
  33  20:38  Photon Cannon  
  33  20:40  Photon Cannon  
  33  20:47  Photon Cannon, Protoss Air Weapons Level 2  
  33  21:04  Twilight Council  
  33  21:13  Dragoon  
  33  21:14  Dragoon x2  
  39  21:30  Pylon  
  39  21:35  Pylon  
  39  21:40  Pylon  
  39  21:45  Pylon  
  39  22:01  Dragoon x2  
  39  22:02  Dragoon  
  25  24:10  Gateway  
  25  24:14  Gateway  
  25  24:18  Gateway  
  25  24:21  Gateway  
  25  24:25  Gateway  
  25  24:47  Dragoon x2  
  25  24:48  Dragoon  
  23  25:23  Dragoon x5  
  23  25:24  Dragoon  
  27  25:43  Dragoon  
  27  25:49  Dragoon  
Show
View Real Time Build Order
Export as new Build Order

larsgj Terran 

Build Orders:  

Get SALT Encoding   

  12  0:03  SCV  
  13  0:25  Supply Depot  
  13  0:36  SCV  
  14  0:48  Barracks  
  14  0:56  SCV  
  15  1:13  SCV  
  16  1:30  SCV, Marine  
  16  1:33  Refinery  
  18  1:40  Marine  
  18  1:47  SCV  
  20  1:51  Marine  
  21  2:01  Marine  
  21  2:04  SCV  
  21  2:09  Refinery  
  23  2:22  Marine, Supply Depot  
  23  2:25  SCV  
  25  2:30  Supply Depot  
  25  2:41  Engineering Bay  
  25  2:50  Marine  
  25  2:54  Engineering Bay  
  26  3:01  Marine  
  27  3:15  Supply Depot  
  27  3:26  Bunker  
  27  3:32  Barracks Tech Lab  
  27  3:36  Orbital Command  
  27  4:02  Bunker  
  27  4:15  Command Center  
  27  4:18  Marine  
  28  4:55  Bunker  
  28  6:23  Terran Infantry Armor Level 1  
  28  6:49  SCV  
  29  6:54  Refinery  
  29  6:55  Marine  
  30  7:05  SCV  
  30  7:06  Marine  
  32  7:16  Marine  
  33  7:22  SCV  
  33  7:26  Marine  
  35  7:36  Marine  
  35  7:39  SCV  
  37  7:46  Marine  
  38  7:56  SCV, Marine  
  40  8:44  Orbital Command, Refinery  
  40  9:03  Terran Infantry Weapons Level 1  
  34  9:35  Marine  
  35  9:45  Marine  
  36  9:55  Marine  
  37  10:05  Marine  
  38  10:15  Marine  
  39  10:53  Neosteel Frame  
  39  10:57  SCV  
  40  11:14  SCV  
  41  11:21  SCV, Factory  
  41  11:29  Supply Depot  
  42  11:30  Supply Depot  
  42  11:31  SCV  
  42  11:32  Supply Depot  
  42  11:38  SCV  
  44  11:48  SCV  
  45  11:50  Medic  
  45  11:55  SCV  
  48  12:00  Medic  
  48  12:05  SCV  
  47  12:11  Medic  
  47  12:12  SCV  
  48  12:21  Medic  
  48  12:29  SCV  
  50  12:31  Medic  
  52  12:41  Marine  
  52  12:43  Structure Armor  
  53  12:51  Marine  
  54  13:02  Marine  
  55  13:12  Marine  
  49  13:33  Starport  
  49  13:39  Starport  
  41  14:05  Marine  
  40  14:15  Marine  
  40  14:25  Marine  
  39  14:35  Bunker, Marine  
  39  14:42  Bunker  
  39  14:46  Marine  
  40  14:56  Marine, Starport Tech Lab  
  40  14:58  Starport Tech Lab  
  41  15:06  Marine, Armory  
  41  15:08  Fusion Core  
  42  15:16  Bunker, Marine  
  43  15:26  Marine  
  44  15:37  Marine  
  43  15:47  Marine  
  43  15:50  Bunker  
  39  16:24  Battlecruiser x2  
  51  16:57  Marine  
  47  17:07  Battlecruiser x2, Marine  
  60  17:18  Marine  
  61  17:28  Marine  
  62  17:38  Marine  
  63  17:47  Refinery  
  63  17:49  Battlecruiser x2  
  76  18:32  Battlecruiser  
  82  18:54  Battlecruiser  
  82  19:34  Battlecruiser  
  82  20:02  Battlecruiser  
  82  20:16  Battlecruiser  
  82  20:25  Terran Vehicle And Ship Armor Level 1  
  82  21:04  Supply Depot  
  82  21:05  Battlecruiser x2  
  94  21:12  Supply Depot x2  
  94  21:14  Supply Depot  
  94  21:15  Supply Depot  
  91  23:05  Advanced Optics  
  72  23:57  Battlecruiser x2  
  66  24:29  Weapon Refit  
  66  24:40  Battlecruiser x2  
Tags
 
Commander
ArtanisRaynor
Matchup
Co-op
Replay Pack
Multiplayer
Add a new tag
Caveats
  • Supply blocks, unpowered buildings, or Contaminate may cause inaccurate times.
  • Supply counts are checked every 10 seconds.